 Dungeon Crawl Stone Soup version 0.28-b1-25-g9875b3fc8c (webtiles) character file.

Game seed: 6648586109722594008

5 lordive the Conjurer (level 1, 0/10 HPs)
             Began as a Tengu Conjurer on Jan 31, 2022.
             Slain by a jackal (2 damage)
             ... on level 1 of the Dungeon.
             The game lasted 00:00:27 (163 turns).

lordive the Conjurer (Tengu Conjurer)                Turns: 163, Time: 00:00:28

Health: 0/10       AC:  2    Str:  7    XL:     1   Next: 80%
Magic:  0/4        EV: 12    Int: 18    God:
Gold:   13         SH:  0    Dex: 12    Spells: 3/4 levels left

rFire   . . .      SeeInvis .   (no weapon)
rCold   . . .      Faith    .   (no shield)
rNeg    . . .      Spirit   .   a - +0 robe
rPois   .          Reflect  .   (helmet restricted)
rElec   .          Harm     .   (no cloak)
rCorr   .          Rampage  .   (no gloves)
Will    .....                   (boots unavailable)
Stlth   ++........              (no amulet)
HPRegen 0.03/turn               (no ring)
MPRegen 0.09/turn               (no ring)

@: no status effects
A: beak, talons 3
a: no special abilities


You were on level 1 of the Dungeon.
You visited 1 branch of the dungeon, and saw 1 of its levels.

You collected 13 gold pieces.

Inventory:

Armour
 a - a +0 robe (worn)


   Skills:
 + Level 2.1 Dodging
 + Level 2.0 Stealth
 + Level 2.0 Spellcasting
 * Level 5.7 Conjurations


You had 3 spell levels left.
You knew the following spells:

 Your Spells              Type           Power      Damage    Failure   Level
a - Magic Dart            Conj           88%        1d7       1%          1

Your spell library contained the following spells:

 Spells                   Type           Power      Damage    Failure   Level
 Searing Ray              Conj           44%        2d6       2%          2
 Dazzling Flash           Conj/Hex       24%        N/A       17%         3
 Fulminant Prism          Conj/Hex       6%         3d7       50%         4
 Iskenderun's Mystic Bla  Conj/Tloc      12%        2d5       50%         4


Dungeon Overview and Level Annotations

Branches:
Dungeon (1/15)

Altars:

Shops:
D:1 !


Innate Abilities, Weirdness & Mutations

You have a beak for a mouth.
You have claws for feet.


Message History

The jackal is heavily wounded.
The magic dart hits the jackal.
You kill the jackal!
The magic dart hits the jackal.
The jackal is moderately wounded.
You are too depleted to draw on your mana recklessly!
You are too depleted to draw on your mana recklessly!
The jackal closely misses you. The jackal bites you.
The jackal closely misses you. The jackal barely misses you.
The jackal barely misses you.
Casting: Magic Dart (safe; 1% risk of failure)
Confirm with . or Enter, or press ? or * to list all spells.
Aiming: Magic Dart (safe; 1% risk of failure)
Press: ? - help, Shift-Dir - straight line, f/p - jackal
Aim: a jackal (moderately wounded, 100% to hit)
The magic dart hits the jackal.
The jackal is heavily wounded.
The jackal closely misses you.
Unknown command.
The jackal barely misses you.
The jackal bites you but does no damage.
The jackal bites you. The jackal barely misses you.
The jackal barely misses you.
Casting: Magic Dart (safe; 1% risk of failure)
Confirm with . or Enter, or press ? or * to list all spells.
Aiming: Magic Dart (safe; 1% risk of failure)
Press: ? - help, Shift-Dir - straight line, f/p - jackal
Aim: a jackal (heavily wounded, 100% to hit)
The magic dart hits the jackal.
The jackal is severely wounded.
The jackal bites you but does no damage.
The jackal closely misses you. The jackal bites you. The jackal bites you.
* * * LOW HITPOINT WARNING * * *
The jackal bites you.
You die...

#######.#####..♣÷♣
♣....##
#........>##..#####
♣....#
#.#####.#.....#...#
♣...### #.#.###.♣...#
♣..... ##.#.###.'.8.+
♣.#.## ...>.....♣...#
♣♣.#.# .#.......#...#
♣♣..#.#
#........#####
♣♣..##.#
........@.♣÷♣ ♣♣..##
.#
.........#h♣♣♣♣♣♣...#
.#
##.######..........#
.# #. ###.....#### #
#.......# #.......#
#.......# ##.....##
##...##


You could see a jackal.

Vanquished Creatures
  A dart slug (D:1)
  A hobgoblin (D:1)
  A jackal (D:1)
3 creatures vanquished.

Notes
Turn   | Place    | Note
-------+----------+-------------------------------------------
     0 | D:1      | lordive the Tengu Conjurer began the quest for the Orb.
     0 | D:1      | Reached XP level 1. HP: 10/10 MP: 4/4
   134 | D:1      | Found Yjiuhes's Distillery.
   163 | D:1      | Slain by a jackal

Illustrated notes

Levels and vault maps discovered:
D:1:      lemuel_arrival_river_bridge, layout_loops_corners, serial_shops,
          nicolae_shop_stone, dilly_ecumenical_altar_fadedgnrine

Action                   || total
-------------------------++-------
 Cast: Magic Dart        ||    11
Armor: Robe              ||     2
Dodge: Dodged            ||     9
